General information
- name: BNet
- type: Ladder team game (AT/RT)
- host: Battle.net
- saver: WhitesOOurEyes
map: Deadlock
- players: 8
- length: 44:41
- speed: Fast
- version: 1.26 W3XP
- replay type: Public
» download(278 KB)
Players
team 1 (winner)
Freshlete. (
pink | 47 APM | 1048 actions | 22:16)
4 Death Knight
2 Death Coil
2 Unholy Aura
3 Lich
2 Frost Nova
1 Dark Ritual
» actions
| Assign group hotkey | 5 | |
| Basic commands | 2 | |
| Build / train | 68 | |
| Enter build submenu | 18 | |
| Enter hero's abilities submenu | 7 | |
| Give item / drop item | 2 | |
| Remove unit from queue | 2 | |
| Right click | 613 | |
| Select / deselect | 237 | |
| Select group hotkey | 17 | |
| Use ability | 77 | |
1048 total
» units
| Acolyte | 22 | |
| Ghoul | 5 | |
| Crypt Fiend | 6 | |
| Obsidian Statue | 3 | |
| Frost Wyrm | 4 | |
| Razormane Medicine Man | 1 | |
41 total
» upgrades
| Creature Attack | 3 | |
| Destroyer Form | 1 | |
| Web | 1 | |
5 total
» buildings
| Crypt | 1 | |
| Graveyard | 1 | |
| Altar of Darkness | 2 | |
| Ziggurat | 8 | |
| Tomb of Relics | 1 | |
| Necropolis | 2 | |
| Halls of the Dead | 1 | |
| Black Citadel | 1 | |
| Slaughterhouse | 2 | |
| Sacrificial Pit | 1 | |
| Nerubian Tower | 1 | |
| Boneyard | 1 | |
| Spirit Tower | 1 | |
23 total
» build order
00:13 Crypt
00:19 Graveyard
00:44 Altar of Darkness
00:48 Altar of Darkness
01:02 Ziggurat
01:37 Tomb of Relics
02:03 Ziggurat
03:57 Necropolis
05:08 Halls of the Dead
06:21 Ziggurat
07:57 Black Citadel
08:01 Slaughterhouse
08:02 Slaughterhouse
08:38 Sacrificial Pit
08:41 Ziggurat
08:41 Ziggurat
08:42 Ziggurat
10:32 Nerubian Tower
10:39 Boneyard
14:12 Ziggurat
14:16 Ziggurat
15:23 Spirit Tower
20:56 Necropolis
» items
| Rod of Necromancy | 2 | |
| Potion of Mana | 2 | |
| Scroll of Town Portal | 2 | |
| Potion of Healing | 1 | |
7 total
WikiLeaks (
yellow | 88 APM | 3945 actions | 44:41)
8 Crypt Lord
3 Carrion Beetles
3 Spiked Carapace
1 Locust Swarm
1 Impale
» actions
| Assign group hotkey | 80 | |
| Basic commands | 93 | |
| Build / train | 167 | |
| ESC pressed | 11 | |
| Enter build submenu | 70 | |
| Enter hero's abilities submenu | 8 | |
| Give item / drop item | 3 | |
| Right click | 1671 | |
| Select / deselect | 628 | |
| Select group hotkey | 840 | |
| Use ability | 374 | |
3945 total
» units
| Acolyte | 28 | |
| Ghoul | 10 | |
| Crypt Fiend | 21 | |
| Frost Wyrm | 5 | |
64 total
» upgrades
| Creature Attack | 3 | |
| Creature Carapace | 3 | |
| Burrow | 1 | |
| Web | 1 | |
| Ghoul Frenzy | 1 | |
| Freezing Breath | 1 | |
| Backpack | 1 | |
| Unholy Armor | 3 | |
| Unholy Strength | 3 | |
| Cannibalize | 1 | |
| Stone Form | 1 | |
| Disease Cloud | 1 | |
20 total
» buildings
| Graveyard | 2 | |
| Crypt | 2 | |
| Altar of Darkness | 2 | |
| Ziggurat | 43 | |
| Tomb of Relics | 1 | |
| Nerubian Tower | 7 | |
| Spirit Tower | 40 | |
| Necropolis | 9 | |
| Halls of the Dead | 3 | |
| Black Citadel | 8 | |
| Sacrificial Pit | 2 | |
| Boneyard | 3 | |
| Slaughterhouse | 1 | |
123 total
» build order
00:11 Graveyard
00:14 Crypt
00:45 Altar of Darkness
01:02 Ziggurat
01:26 Tomb of Relics
02:05 Ziggurat
03:08 Nerubian Tower
03:29 Spirit Tower
04:08 Ziggurat
06:26 Necropolis
07:44 Halls of the Dead
08:12 Ziggurat
08:14 Ziggurat
08:55 Ziggurat
09:07 Spirit Tower
09:08 Spirit Tower
09:23 Spirit Tower
09:55 Spirit Tower
09:57 Ziggurat
09:59 Ziggurat
10:27 Ziggurat
10:29 Ziggurat
10:51 Spirit Tower
10:52 Spirit Tower
10:57 Nerubian Tower
11:26 Spirit Tower
11:26 Spirit Tower
11:26 Spirit Tower
11:27 Spirit Tower
12:41 Ziggurat
12:46 Black Citadel
12:46 Black Citadel
12:46 Black Citadel
13:38 Spirit Tower
13:47 Ziggurat
14:00 Ziggurat
14:03 Ziggurat
15:40 Spirit Tower
15:42 Spirit Tower
15:42 Spirit Tower
16:33 Necropolis
20:12 Sacrificial Pit
20:24 Ziggurat
20:25 Ziggurat
20:26 Ziggurat
20:29 Ziggurat
20:30 Ziggurat
20:32 Ziggurat
20:32 Ziggurat
20:33 Ziggurat
21:07 Boneyard
21:08 Boneyard
21:09 Boneyard
21:48 Spirit Tower
24:45 Necropolis
26:53 Ziggurat
26:54 Ziggurat
26:55 Ziggurat
26:57 Ziggurat
26:59 Ziggurat
27:00 Ziggurat
28:47 Halls of the Dead
29:12 Spirit Tower
29:13 Spirit Tower
29:21 Spirit Tower
29:46 Graveyard
29:48 Crypt
30:20 Nerubian Tower
30:20 Nerubian Tower
30:21 Nerubian Tower
30:22 Nerubian Tower
30:24 Ziggurat
31:01 Ziggurat
31:02 Ziggurat
31:04 Ziggurat
31:16 Spirit Tower
31:16 Spirit Tower
31:44 Necropolis
31:56 Spirit Tower
31:56 Spirit Tower
31:58 Spirit Tower
31:58 Spirit Tower
33:30 Necropolis
33:36 Ziggurat
34:00 Ziggurat
34:01 Ziggurat
34:02 Ziggurat
34:04 Ziggurat
34:04 Ziggurat
34:57 Spirit Tower
34:57 Spirit Tower
35:02 Altar of Darkness
35:05 Spirit Tower
35:05 Spirit Tower
35:06 Spirit Tower
35:07 Spirit Tower
35:07 Spirit Tower
36:21 Necropolis
36:22 Ziggurat
36:23 Ziggurat
36:24 Ziggurat
36:24 Ziggurat
36:29 Necropolis
36:31 Ziggurat
36:40 Black Citadel
36:40 Black Citadel
36:41 Black Citadel
37:47 Nerubian Tower
39:15 Necropolis
42:22 Slaughterhouse
42:26 Sacrificial Pit
43:36 Necropolis
» items
| Rod of Necromancy | 1 | |
| Boots of Speed | 1 | |
| Scroll of Town Portal | 5 | |
| Potion of Healing | 2 | |
| Periapt of Vitality | 1 | |
| Staff of Teleportation | 1 | |
| Potion of Invisibility | 1 | |
| Orb of Corruption | 1 | |
| Scroll of Healing | 1 | |
14 total
GreenDestiny300 (
blue | 19 APM | 644 actions | 33:04)
4 Paladin
2 Devotion Aura
2 Divine Shield
» actions
| Basic commands | 65 | |
| Build / train | 67 | |
| Enter build submenu | 26 | |
| Enter hero's abilities submenu | 4 | |
| Remove unit from queue | 2 | |
| Right click | 141 | |
| Select / deselect | 300 | |
| Use ability | 39 | |
644 total
» units
» upgrades
| Swords | 2 | |
| Masonry | 3 | |
| Defend | 1 | |
| Plating | 2 | |
| Lumber Harvesting | 2 | |
| Animal War Training | 1 | |
11 total
» buildings
| Altar of Kings | 1 | |
| Barracks | 2 | |
| Farm | 10 | |
| Lumber Mill | 1 | |
| Blacksmith | 1 | |
| Scout Tower | 10 | |
| Guard Tower | 10 | |
| Keep | 1 | |
| Castle | 1 | |
| Town Hall | 1 | |
38 total
» build order
00:34 Altar of Kings
00:41 Barracks
01:00 Farm
01:45 Lumber Mill
01:51 Farm
02:37 Blacksmith
03:15 Farm
04:08 Scout Tower
04:27 Farm
04:47 Guard Tower
04:49 Farm
04:53 Keep
05:17 Scout Tower
05:51 Scout Tower
05:53 Guard Tower
06:11 Farm
06:31 Guard Tower
07:18 Scout Tower
07:22 Scout Tower
09:08 Guard Tower
09:09 Guard Tower
09:23 Barracks
10:30 Scout Tower
10:42 Scout Tower
11:00 Guard Tower
11:20 Guard Tower
11:27 Scout Tower
11:57 Castle
12:07 Guard Tower
12:13 Scout Tower
12:52 Guard Tower
13:01 Scout Tower
13:34 Guard Tower
15:04 Farm
15:44 Farm
20:21 Farm
21:05 Farm
23:28 Town Hall

»
xuperlimit (
teal | 34 APM | 357 actions | 10:23)
2 Paladin
1 Holy Light
1 Devotion Aura
» actions
| Assign group hotkey | 21 | |
| Basic commands | 3 | |
| Build / train | 31 | |
| Enter build submenu | 15 | |
| Enter hero's abilities submenu | 2 | |
| Remove unit from queue | 2 | |
| Right click | 100 | |
| Select / deselect | 74 | |
| Select group hotkey | 83 | |
| Use ability | 26 | |
357 total
» units
» buildings
| Altar of Kings | 1 | |
| Farm | 7 | |
| Barracks | 1 | |
| Lumber Mill | 1 | |
| Scout Tower | 1 | |
| Arcane Tower | 1 | |
| Keep | 1 | |
| Blacksmith | 1 | |
| Castle | 1 | |
| Workshop | 3 | |
18 total
» build order
00:06 Altar of Kings
00:10 Farm
00:43 Barracks
01:11 Lumber Mill
01:48 Scout Tower
02:02 Farm
02:03 Farm
02:18 Arcane Tower
03:08 Keep
03:31 Farm
04:23 Farm
04:34 Blacksmith
05:26 Farm
05:27 Farm
05:32 Castle
06:27 Workshop
07:01 Workshop
07:17 Workshop
team 2 (loser)
iMTriPPiN (
red | 103 APM | 4018 actions | 39:00)
8 Firelord
3 Summon Lava Spawn
3 Soul Burn
1 Volcano
1 Incinerate
» actions
| Assign group hotkey | 291 | |
| Basic commands | 295 | |
| Build / train | 94 | |
| Enter build submenu | 16 | |
| Enter hero's abilities submenu | 8 | |
| Give item / drop item | 1 | |
| Right click | 1341 | |
| Select / deselect | 1044 | |
| Select group hotkey | 825 | |
| Use ability | 103 | |
4018 total
» units
» upgrades
| Cannibalize | 1 | |
| Creature Attack | 2 | |
| Ghoul Frenzy | 1 | |
4 total
» buildings
| Crypt | 3 | |
| Ziggurat | 6 | |
| Altar of Darkness | 1 | |
| Nerubian Tower | 2 | |
| Halls of the Dead | 4 | |
| Graveyard | 1 | |
| Tomb of Relics | 1 | |
| Black Citadel | 3 | |
21 total
» build order
00:13 Crypt
00:17 Crypt
00:36 Ziggurat
01:05 Altar of Darkness
01:36 Ziggurat
04:30 Nerubian Tower
04:46 Ziggurat
09:01 Ziggurat
09:32 Halls of the Dead
09:32 Halls of the Dead
11:16 Graveyard
11:22 Ziggurat
11:25 Ziggurat
11:40 Crypt
11:41 Tomb of Relics
12:37 Black Citadel
» items
| Scroll of Regeneration | 2 | |
| Lesser Clarity Potion | 1 | |
| Scroll of Town Portal | 3 | |
| Scroll of Healing | 5 | |
| Potion of Lesser Invulnerability | 2 | |
13 total
WhitesOOurEyes (
purple | 57 APM | 2527 actions | 44:41)
8 Archmage
2 Summon Water Elemental
3 Brilliance Aura
2 Blizzard
1 Mass Teleport
» actions
| Assign group hotkey | 95 | |
| Basic commands | 299 | |
| Build / train | 108 | |
| Enter build submenu | 68 | |
| Enter hero's abilities submenu | 8 | |
| Remove unit from queue | 2 | |
| Right click | 773 | |
| Select / deselect | 491 | |
| Select group hotkey | 472 | |
| Use ability | 211 | |
2527 total
» units
| Peasant | 17 | |
| Footman | 4 | |
| Mortar Team | 9 | |
| Sorceress | 4 | |
| Gryphon Rider | 3 | |
37 total
» upgrades
| Lumber Harvesting | 2 | |
| Masonry | 3 | |
| Gunpowder | 3 | |
| Armor | 3 | |
| Long Rifles | 1 | |
| Fragmentation Shards | 1 | |
| Flare | 1 | |
| Sorceress Training | 1 | |
| Magic Sentry | 1 | |
| Flak Cannons | 1 | |
| Barrage | 1 | |
| Swords | 3 | |
| Plating | 1 | |
| Animal War Training | 1 | |
| Storm Hammers | 1 | |
24 total
» buildings
| Altar of Kings | 1 | |
| Barracks | 1 | |
| Farm | 10 | |
| Arcane Vault | 1 | |
| Keep | 1 | |
| Town Hall | 4 | |
| Lumber Mill | 4 | |
| Scout Tower | 52 | |
| Guard Tower | 10 | |
| Castle | 1 | |
| Blacksmith | 2 | |
| Workshop | 3 | |
| Arcane Sanctum | 2 | |
| Gryphon Aviary | 7 | |
99 total
» build order
00:37 Altar of Kings
00:39 Barracks
00:57 Farm
01:05 Farm
01:06 Farm
02:11 Farm
03:04 Arcane Vault
03:45 Keep
04:04 Town Hall
05:00 Lumber Mill
05:14 Scout Tower
05:14 Scout Tower
05:14 Scout Tower
05:15 Scout Tower
06:16 Guard Tower
07:43 Castle
07:47 Farm
07:48 Farm
09:30 Blacksmith
09:32 Blacksmith
10:50 Scout Tower
10:51 Scout Tower
10:52 Scout Tower
10:53 Scout Tower
10:54 Scout Tower
10:56 Scout Tower
11:00 Lumber Mill
11:05 Workshop
11:06 Workshop
11:08 Workshop
11:24 Arcane Sanctum
11:28 Arcane Sanctum
11:31 Guard Tower
11:38 Guard Tower
12:36 Guard Tower
14:03 Farm
14:04 Farm
14:04 Farm
14:06 Farm
16:18 Lumber Mill
20:33 Town Hall
20:38 Scout Tower
20:39 Scout Tower
20:39 Scout Tower
20:43 Scout Tower
20:44 Scout Tower
20:45 Scout Tower
20:45 Scout Tower
20:46 Scout Tower
20:49 Scout Tower
20:49 Scout Tower
20:50 Scout Tower
20:50 Scout Tower
22:18 Guard Tower
23:14 Town Hall
23:19 Scout Tower
23:20 Scout Tower
23:20 Scout Tower
23:20 Scout Tower
23:21 Scout Tower
23:22 Scout Tower
23:25 Scout Tower
23:25 Scout Tower
23:31 Scout Tower
23:31 Scout Tower
23:32 Scout Tower
23:32 Scout Tower
23:33 Scout Tower
23:33 Scout Tower
23:34 Scout Tower
23:35 Scout Tower
24:11 Guard Tower
24:21 Lumber Mill
24:56 Gryphon Aviary
24:57 Gryphon Aviary
24:58 Gryphon Aviary
25:14 Gryphon Aviary
25:16 Gryphon Aviary
25:19 Gryphon Aviary
25:46 Gryphon Aviary
26:34 Scout Tower
26:35 Scout Tower
26:38 Scout Tower
26:39 Scout Tower
26:40 Scout Tower
26:40 Scout Tower
26:45 Scout Tower
26:46 Scout Tower
26:46 Scout Tower
26:47 Scout Tower
26:49 Scout Tower
26:49 Scout Tower
26:49 Scout Tower
26:51 Scout Tower
27:11 Guard Tower
28:26 Guard Tower
28:28 Guard Tower
30:02 Guard Tower
35:56 Town Hall
» items
| Scroll of Regeneration | 7 | |
| Scroll of Town Portal | 5 | |
| Potion of Healing | 5 | |
| Boots of Speed | 1 | |
| Staff of Teleportation | 1 | |
| Periapt of Vitality | 1 | |
| Tome of Retraining | 1 | |
| Potion of Invisibility | 1 | |
22 total

»
feelsbadman.jpg (
green | 65 APM | 2521 actions | 39:02)
7 Mountain King
3 Storm Bolt
3 Bash
1 Avatar
» actions
| Assign group hotkey | 47 | |
| Basic commands | 139 | |
| Build / train | 71 | |
| ESC pressed | 3 | |
| Enter build submenu | 46 | |
| Enter hero's abilities submenu | 7 | |
| Remove unit from queue | 1 | |
| Right click | 1244 | |
| Select / deselect | 378 | |
| Select group hotkey | 518 | |
| Use ability | 67 | |
2521 total
» units
| Peasant | 11 | |
| Footman | 1 | |
| Rifleman | 21 | |
| Mortar Team | 3 | |
| Siege Engine | 9 | |
45 total
» upgrades
| Gunpowder | 3 | |
| Armor | 1 | |
| Barrage | 1 | |
| Plating | 3 | |
| Long Rifles | 1 | |
9 total
» buildings
| Farm | 15 | |
| Altar of Kings | 1 | |
| Barracks | 2 | |
| Blacksmith | 1 | |
| Arcane Vault | 1 | |
| Keep | 1 | |
| Workshop | 2 | |
| Lumber Mill | 1 | |
| Castle | 1 | |
| Town Hall | 1 | |
| Scout Tower | 19 | |
| Guard Tower | 2 | |
47 total
» build order
00:09 Farm
00:10 Altar of Kings
00:25 Barracks
00:49 Farm
01:50 Blacksmith
02:01 Farm
02:23 Arcane Vault
04:28 Farm
05:01 Keep
05:55 Farm
06:50 Farm
07:49 Barracks
07:58 Workshop
09:20 Lumber Mill
10:57 Farm
10:57 Farm
10:58 Farm
10:59 Farm
11:02 Farm
11:03 Farm
13:25 Castle
14:03 Town Hall
16:12 Workshop
20:51 Farm
20:52 Farm
20:53 Farm
28:25 Scout Tower
28:25 Scout Tower
28:25 Scout Tower
28:26 Scout Tower
28:26 Scout Tower
28:26 Scout Tower
28:27 Scout Tower
28:27 Scout Tower
28:28 Scout Tower
28:28 Scout Tower
28:28 Scout Tower
28:29 Scout Tower
28:29 Scout Tower
28:29 Scout Tower
28:29 Scout Tower
28:30 Scout Tower
28:32 Scout Tower
28:32 Scout Tower
28:33 Scout Tower
28:55 Guard Tower
28:58 Guard Tower
» items
| Scroll of Regeneration | 2 | |
| Lesser Clarity Potion | 2 | |
4 total
BLAZEFS (
orange | 18 APM | 790 actions | 44:03)
5 Archmage
3 Summon Water Elemental
2 Brilliance Aura
5 Paladin
3 Holy Light
2 Divine Shield
» actions
| Basic commands | 20 | |
| Build / train | 55 | |
| Enter build submenu | 24 | |
| Enter hero's abilities submenu | 10 | |
| Right click | 372 | |
| Select / deselect | 250 | |
| Use ability | 59 | |
790 total
» units
| Peasant | 11 | |
| Footman | 4 | |
| Knight | 6 | |
| Mortar Team | 6 | |
| Flying Machine | 5 | |
32 total
» upgrades
| Lumber Harvesting | 1 | |
| Animal War Training | 1 | |
| Fragmentation Shards | 1 | |
| Flak Cannons | 1 | |
4 total
» buildings
| Altar of Kings | 1 | |
| Farm | 11 | |
| Lumber Mill | 1 | |
| Barracks | 2 | |
| Keep | 1 | |
| Arcane Vault | 1 | |
| Castle | 1 | |
| Blacksmith | 1 | |
| Workshop | 2 | |
| Town Hall | 3 | |
24 total
» build order
00:10 Altar of Kings
00:13 Farm
00:49 Lumber Mill
00:56 Barracks
01:21 Farm
02:12 Farm
02:55 Barracks
03:46 Keep
04:44 Arcane Vault
06:12 Castle
06:15 Farm
06:25 Farm
07:21 Blacksmith
07:28 Farm
09:04 Workshop
09:09 Workshop
10:42 Farm
10:47 Farm
14:35 Farm
14:38 Farm
20:18 Farm
20:29 Town Hall
20:43 Town Hall
24:23 Town Hall
» items
| Lesser Clarity Potion | 1 | |
| Scroll of Regeneration | 1 | |
| Orb of Fire | 1 | |
| Staff of Sanctuary | 1 | |
| Scroll of Town Portal | 1 | |
5 total
Chat log
(00:19 / Allies) feelsbadman.jpg: rush?
(00:23 / Allies) iMTriPPiN: yeah
(00:23 / Allies) iMTriPPiN: rush
(00:26 / Allies) iMTriPPiN: like a mother fuker
(00:29 / Allies) WhitesOOurEyes: Georges "No Rush" St. Pierre
(00:32 / Allies) feelsbadman.jpg: footies MK
(01:21 / Allies) feelsbadman.jpg: fuck 3 humans
(01:24 / Allies) feelsbadman.jpg: definitely all rush.
(01:28 / Allies) feelsbadman.jpg: go rifles.
(01:52 / Allies) WhitesOOurEyes: Human doesn't have strong tier 2 or 3 apparently
(02:04 / Allies) WhitesOOurEyes: 3 humans! WOW DEFINITELY RUSH!
(02:31 / Allies) feelsbadman.jpg: ready.
(02:38 / Allies) iMTriPPiN: split
(02:42 / Allies) feelsbadman.jpg: k
(02:44 / Allies) WhitesOOurEyes: Let's split with 2 units a piece!!!!
(03:06 / Allies) iMTriPPiN: go
(03:07 / Allies) iMTriPPiN: fuking now
(03:12 / Allies) feelsbadman.jpg: omw
(03:22 / Allies) feelsbadman.jpg: go oj
(04:11 / All) iMTriPPiN: so fuking bad
(04:14 / All) iMTriPPiN: Ni
(04:15 / All) WikiLeaks: lol
(04:15 / Allies) iMTriPPiN: u
(04:19 / All) WikiLeaks: sick rush bro
(04:19 / All) iMTriPPiN: NICE FuKIng RUSH TEAM
(04:22 / All) WhitesOOurEyes: lawl
(04:22 / All) iMTriPPiN: FuKING IDIOTS
(04:25 / All) WhitesOOurEyes: split rush with 2 units!
(04:27 / All) WikiLeaks: you are terrible
(04:31 / All) WhitesOOurEyes: three humans?| WE GOTTA RUSH!
(04:38 / All) WhitesOOurEyes: humans weak tier 2 and 3 apparently!!!
(04:55 / All) Freshlete.: you prolly tech liek all humans
(04:55 / All) WhitesOOurEyes: Rushing without mass tier1? GOOD IDEA
(05:01 / All) Freshlete.: and expo
(05:04 / All) WhitesOOurEyes: Yep
(05:06 / All) WhitesOOurEyes: Got one now
(05:41 / Allies) feelsbadman.jpg: omw
(05:50 / Allies) BLAZEFS: i need to heal fucker
(08:14 / All) WhitesOOurEyes: lol
(08:18 / All) WhitesOOurEyes: Your peasantry!
(08:23 / All) WhitesOOurEyes: Raped and murdered!
(09:00 / Allies) WhitesOOurEyes: botl dk
(09:46 / All) WhitesOOurEyes: pink pretty much a god of this game
(09:58 / All) Freshlete.: ?
(11:16 / All) WhitesOOurEyes: you probably tech and expo like all humans!
(11:19 / All) WhitesOOurEyes: *gets fiends *
(11:58 / Allies) WhitesOOurEyes: lumber
(12:04 / Allies) iMTriPPiN: bolt
(12:07 / Allies) iMTriPPiN: tp
(12:19 / Allies) feelsbadman.jpg: ye ye.
(12:20 / Allies) WhitesOOurEyes: wood
(12:38 / Allies) WhitesOOurEyes: thanks sir
(13:14 / Allies) iMTriPPiN: both dont need mort
(13:26 / Allies) feelsbadman.jpg: SIGH
(14:11 / Allies) iMTriPPiN: gold me
(14:24 / Allies) iMTriPPiN: ty
(14:35 / Allies) WhitesOOurEyes: lumbers
(17:01 / All) Freshlete.: wtf..
(17:59 / Allies) iMTriPPiN: gold me
(17:59 / Allies) iMTriPPiN: now
(18:00 / Allies) iMTriPPiN: plz
(18:05 / Allies) iMTriPPiN: u have 4k
(18:07 / Allies) iMTriPPiN: ty
(18:29 / All) Freshlete.: wont happen again purp
(18:37 / Allies) feelsbadman.jpg: omw
(18:47 / All) WhitesOOurEyes: what won't
(19:32 / All) Freshlete.: gladm y teammates help
(19:40 / All) WhitesOOurEyes: I'd have level 6 damn
(19:46 / All) WhitesOOurEyes: shoulda used health pot
(20:21 / All) Freshlete.: fuck you yellow , you suck
(20:36 / All) WikiLeaks: lol
(20:43 / All) Freshlete.: he so bad
(20:53 / Allies) iMTriPPiN: gold me
(21:07 / Allies) iMTriPPiN: plz gold me
(21:07 / Allies) WhitesOOurEyes: let me get my second expo
(21:08 / Allies) iMTriPPiN: u haev 5k
(21:10 / Allies) WhitesOOurEyes: then I'll give you 2k
(21:14 / All) Freshlete.: now he tk me bc he sucks
(21:35 / Allies) WhitesOOurEyes: go attack
(22:24 / All) feelsbadman.jpg: LOL
(22:28 / All) feelsbadman.jpg: left after seeing tanks?
(22:53 / Allies) iMTriPPiN: gold me
(23:07 / Allies) iMTriPPiN: u got it!!
(23:08 / Allies) iMTriPPiN: gold me
(23:16 / Allies) WhitesOOurEyes: hang on making towers
(23:58 / Allies) WhitesOOurEyes: how much you need red
(24:00 / Allies) WhitesOOurEyes: will 3k be good?
(24:04 / Allies) iMTriPPiN: lol
(24:05 / Allies) iMTriPPiN: yeah
(24:16 / Allies) WhitesOOurEyes: can I have some lumber
(24:43 / All) feelsbadman.jpg: FUCK YOUR SHIT
(24:45 / All) feelsbadman.jpg: I HAVE TANKS
(24:49 / All) feelsbadman.jpg: >FEELSGOODMAN.JPG
(24:53 / All) iMTriPPiN: Lol
(24:59 / Allies) iMTriPPiN: u sonof a biuthc
(25:00 / Allies) iMTriPPiN: lol
(25:01 / Allies) iMTriPPiN: hahaha
(25:53 / All) WikiLeaks: tp faggot
(25:57 / All) iMTriPPiN: I will
(25:59 / All) iMTriPPiN: Lose faggot
(26:00 / All) feelsbadman.jpg: op*
(26:02 / All) iMTriPPiN: i mass ghouls
(26:04 / All) WikiLeaks: You ahven't won yet
(26:05 / All) iMTriPPiN: and team carries
(26:07 / All) iMTriPPiN: U blow
(26:15 / All) WikiLeaks: It's not over yet
(26:16 / All) feelsbadman.jpg: LOL wyrms
(26:18 / All) feelsbadman.jpg: cute/
(26:22 / All) feelsbadman.jpg: i will facefuck you.
(26:30 / All) WikiLeaks: Pedicabo ego vos et tu irrumabo
(26:33 / All) WikiLeaks: cinade et pathice
(26:36 / All) WikiLeaks: du suger
(26:43 / All) WikiLeaks: I can say that insult in Latin faggot
(27:02 / All) feelsbadman.jpg: best unit in game: militia
(27:08 / All) iMTriPPiN: latin is a bitch language
(27:14 / All) WikiLeaks: Go tell your friends on r9k that, green
(27:40 / All) feelsbadman.jpg: one sec.
(27:44 / All) feelsbadman.jpg: busy kicking your ass.
(28:03 / All) feelsbadman.jpg: oh here it is
(28:04 / All) feelsbadman.jpg: woops
(28:09 / All) feelsbadman.jpg: am i kicking your ass?
(28:10 / All) feelsbadman.jpg: i think i am
(28:13 / All) feelsbadman.jpg: let me know
(28:14 / All) WikiLeaks: Not over yet
(28:31 / Allies) WhitesOOurEyes: lumbers?
(28:35 / All) feelsbadman.jpg: FUCK YOUR SHIT
(28:50 / All) feelsbadman.jpg: MEGA TOWER RUSH? YEAH
(29:25 / Allies) BLAZEFS: gold me pls
(29:25 / All) WikiLeaks: Not over yet faggot
(29:30 / All) WikiLeaks: Mope about this on 4chan after
(29:32 / All) WikiLeaks: when you lose
(29:33 / Allies) feelsbadman.jpg: lol purp
(29:47 / All) feelsbadman.jpg: LOL cute
(30:02 / All) iMTriPPiN: nice cl in 4v4
(30:03 / All) iMTriPPiN: gugugugugu
(30:13 / All) WikiLeaks: Did you see the next level crypt lord harass I did?
(30:21 / Allies) BLAZEFS: gold me
(30:21 / All) iMTriPPiN: I didnt
(30:29 / All) WikiLeaks: watch replay when you lose my son
(31:38 / Allies) feelsbadman.jpg: gold me
(31:48 / Allies) feelsbadman.jpg: purp?
(31:54 / Allies) feelsbadman.jpg: sigh
(34:09 / All) WikiLeaks: So why haven't you won yet faggot?
(34:16 / All) WikiLeaks: Why aren't you shit talking anymore buddy?
(34:19 / All) feelsbadman.jpg: sorry im busy being tkd LOL
(34:19 / All) WikiLeaks: What's wrong?
(34:26 / All) WikiLeaks: I told you it was over
(34:30 / All) WikiLeaks: The game was rigged from the start
(34:32 / All) iMTriPPiN: ^^
(34:34 / All) WikiLeaks: you are just another helpless victim
(34:38 / All) WikiLeaks: How does it feel?
(34:45 / All) iMTriPPiN: feels good
(34:48 / All) WikiLeaks: Post >tfw on 4chan to your virgin brothers bro
(34:53 / All) WikiLeaks: maybe you can get your dick wet some day
(34:59 / All) feelsbadman.jpg: LOL
(35:02 / All) iMTriPPiN: Lolzzz
(35:28 / All) WikiLeaks: That's a perfectly reasonable insult given the board where his name is most often used
(35:59 / All) feelsbadman.jpg: wc3 community so bad :/
(36:06 / All) WikiLeaks: You're a part of it
(36:09 / Allies) BLAZEFS: u shoud of killed purp long time ago
(36:10 / All) WikiLeaks: Did you see how you talked earlier?
(36:14 / All) WikiLeaks: Is that a good community?
(36:37 / All) feelsbadman.jpg: you must be, what, 18?
(36:40 / All) WikiLeaks: 22
(36:43 / All) feelsbadman.jpg: right, 18
(36:49 / All) feelsbadman.jpg: so youre almos done with... grade 9?
(36:51 / All) WikiLeaks: It's what's in your heart that counts
(37:06 / All) feelsbadman.jpg: what
(37:16 / All) WikiLeaks: Caesar says: Men willingly believe what they wish.
(37:30 / All) feelsbadman.jpg: you must be a liberal arts student
(37:34 / All) WhitesOOurEyes: pretty sage, I can believe that
(37:35 / All) feelsbadman.jpg: couldnt get into a real program? :/
(37:46 / All) WhitesOOurEyes: I certainly wouldn't WILLINGLY believe what I don't like!
(37:49 / All) feelsbadman.jpg: that's a shame
(38:00 / All) feelsbadman.jpg: LOL 4v4 Rt
(38:27 / All) WhitesOOurEyes: mass tp made this so easy
(38:49 / All) WikiLeaks: I love using it like a tp staff
(38:54 / All) WikiLeaks: to stop workers from making expos if hu
(38:56 / All) WikiLeaks: to stop heroes and kill them
(38:58 / All) WikiLeaks: stuff like that
(39:00 / All) iMTriPPiN: gg
(39:07 / All) WikiLeaks: raped
(39:36 / All) BLAZEFS: i dont know what happened lol
(39:40 / All) WikiLeaks: You lost
(39:43 / All) WikiLeaks: Time for you to leave!
(39:54 / All) BLAZEFS: suck it
(40:20 / All) BLAZEFS: you cant beat purple
(40:26 / All) WikiLeaks: Yes I can, he's on my team
(40:28 / All) WikiLeaks: Are you that daft?
(40:34 / All) WikiLeaks: We were in this together the whole game
(40:37 / All) WikiLeaks: We do this all the time
(40:44 / All) BLAZEFS: how
(40:54 / All) WikiLeaks: It's a secret bro
(41:02 / All) WhitesOOurEyes: 0-0
(41:15 / All) WikiLeaks: Check our stats
(41:22 / All) WikiLeaks: We are both 0-0
(41:28 / All) BLAZEFS: lol
(41:48 / All) BLAZEFS: so next game your gonna do the same
(41:52 / All) WikiLeaks: Yes
(42:02 / All) BLAZEFS: but now your gonna betray
(44:09 / All) WikiLeaks: Which teams gets loss?
(44:10 / All) WhitesOOurEyes: my team to lose
(44:10 / All) WikiLeaks: i say yours
(44:13 / All) WhitesOOurEyes: red is undefeated
(44:19 / All) WikiLeaks: Green was a clown too
(44:23 / All) WhitesOOurEyes: pink hilarious
(44:31 / All) WhitesOOurEyes: he's like it won't happen again!
(44:34 / All) WhitesOOurEyes: I was already in his base lol
(44:38 / All) WhitesOOurEyes: invisd
(44:38 / All) WikiLeaks: lol